 Dungeon Crawl Stone Soup version 0.31-a0-844-gdc52ec4e09 (webtiles) character file.

Game seed: 234270299696972361

23 BinkBink the Ruffian (level 2, 0/18 HPs)
             Began as an Octopode Shapeshifter on Sept 28, 2023.
             Succumbed to an adder's poison
             ... on level 2 of the Dungeon.
             The game lasted 00:00:56 (594 turns).

BinkBink the Ruffian (Octopode Shapeshifter)         Turns: 594, Time: 00:00:56

Health: 0/18       AC:  1    Str: 13    XL:     2   Next: 95%
Magic:  2/2        EV: 13    Int: 12    God:
Gold:   66         SH:  0    Dex: 11    Spells: 1/1 levels left

rFire   . .          .
                       - Unarmed
rCold   . . .        (no shield)
rNeg    . . .        (helmet currently unavailable)
rPois   .            (no amulet)
rElec   .            (no ring)
rCorr   .            (no ring)
SInv    .            (no ring)
Will    .....        (no ring)
Stlth   ++           (no ring)
HPRegen 0.23/turn    (no ring)
MPRegen 0.08/turn    (no ring)
                     (no ring)

%: no passive effects
@: mighty, brilliant, lethally poisoned (0 -> -3), beast-form
A: beast (slay +1), almost no armour, amphibious, 8 rings, camouflage 1,
gelatinous body 1, (nimble swimmer 1), tentacles
a: Begin Untransformation


You were on level 2 of the Dungeon.
You were a hulking beast.
You visited 1 branch of the dungeon, and saw 2 of its levels.

You collected 66 gold pieces.

Inventory:

Talismans
 b - a beast talisman (active)
 c - a flux talisman
Scrolls
 e - a scroll of blinking {unknown}
 f - a scroll of silence {unknown}
 i - a scroll of fog {unknown}
Potions
 a - a potion of lignification
 d - a potion of might
 g - a potion of degeneration {unknown}
 h - a potion of brilliance


   Skills:
 + Level 1.5 Fighting
 + Level 2.3 Dodging
 + Level 3.2 Unarmed Combat
 + Level 3.2 Shapeshifting


You had one spell level left.
You didn't know any spells.
Your spell library was empty.

Dungeon Overview and Level Annotations

Branches:
Dungeon (2/15)

Altars:


Innate Abilities, Weirdness & Mutations

You are a hulking beast.
Your limbs bulge with bestial killing power. (Slay +1)
You cannot wear most types of armour.
You are amphibious.
You can wear up to eight rings at the same time.
Your skin changes colour to match your surroundings (Stealth+).
Your rubbery body absorbs attacks. (AC +1, EV +1)
((You are camouflaged when in or above water. (Stealth+)))
You have tentacles for arms and can constrict up to eight enemies at once.


Message History

The bat is severely wounded.
You constrict the bat.
You kill the bat!
The hobgoblin misses you. The adder bites you.
You barely miss the adder. Your grab misses the adder.
The adder is moderately wounded.
The jackal barely misses you. The adder bites you.
The hobgoblin closely misses you. The jackal attacks as it pursues you!
The jackal bites you. The hobgoblin barely misses you.
The jackal closely misses you. The jackal misses you.
The jackal attacks as it pursues you! The jackal bites you.
There is an open door here.
The jackal attacks as it pursues you! The jackal bites you.
The jackal completely misses you.
You are too injured to fight recklessly!
You are too injured to fight recklessly!
You tentacle-slap the jackal. Your grab misses the jackal.
You squeeze the jackal.
You kill the jackal!
You closely miss the adder. You grab the adder.
The adder is moderately wounded.
You constrict the adder. The adder closely misses you.
You tentacle-slap the adder but do no damage.
You squeeze the adder.
The adder is heavily wounded.
You constrict the adder. The adder bites you.
* * * LOW HITPOINT WARNING * * *
You are lethally poisoned!
The adder poisons you! The adder closely misses you.
It was a potion of might.
You feel very mighty all of a sudden.
You constrict the adder, but do no damage.
* * * LOW HITPOINT WARNING * * *
You feel sick. The adder bites you.
* * * LOW HITPOINT WARNING * * *
It was a potion of brilliance.
You feel clever all of a sudden.
You constrict the adder.
You die...

......).......#
...............
...............
...............
.......†.......
.......h.......
#..........hhg......
#......#####S#######
#......# #h#
##......#####'#######.#.
#.......................
#...............#####.##
#...............#
#........♣......#
#...............#
#......♣...♣....#
#...............#


You could see an adder, 3 jackals and a hobgoblin.

Vanquished Creatures
  2 endoplasms (D:1)
  A giant cockroach (D:1)
  3 hobgoblins
  A jackal (D:2)
  3 quokkas (D:1)
  3 bats
  2 frilled lizards
  4 goblins (D:1)
  A kobold (D:1)
  A rat (D:1)
21 creatures vanquished.

Notes
Turn   | Place    | Note
-------+----------+-------------------------------------------
     0 | D:1      | BinkBink the Octopode Shapeshifter began the quest for the
                  | Orb.
     0 | D:1      | Reached XP level 1. HP: 13/13 MP: 1/1
   223 | D:1      | Reached XP level 2. HP: 18/18 MP: 2/2
   594 | D:2      | Succumbed to an adder's poison

Illustrated notes

Levels and vault maps discovered:
D:1:      nagdon_arrival_zigzag_paths, layout_basic
D:2:      layout_basic, grunt_ministairs_2

Action                     || total
---------------------------++-------
  Melee: Unarmed           ||    38
         Constrict         ||     9
         Tentacles         ||     4
         Punch             ||     2
    Use: Potion            ||     2
   Stab: Sleeping          ||     4
 Armour: Skin              ||    14
  Dodge: Dodged            ||    29

Table legend: (Time is in decaauts)
 A = Elapsed time spent in this place.
 B = Non-inter-level travel time spent in this place.
 C = Inter-level travel time spent in this place.
 D = Time resting spent in this place.
 E = Time spent auto-exploring this place.
 F = Levels seen in this place.
 G = Mean time per level.
                   A        B        C        D        E       F      G
               +--------+--------+--------+--------+--------+-----+--------+
         Total |    592 |    574 |     18 |      0 |    443 |   2 |  296.0 |
       Dungeon |    592 |    574 |     18 |      0 |    443 |   2 |  296.0 |
               +--------+--------+--------+--------+--------+-----+--------+

Top non-repeatable levels by time:
     D:1: 533 daAuts
     D:2: 58 daAuts
